 Dungeon Crawl Stone Soup version 0.31-a0-986-g5e6e4ef867 (webtiles) character file.

Game seed: 7638210958298831746

91 Dittersdorf the Shield-Bearer (level 4, -6/36 HPs)
             Began as a Human Fighter on Nov 9, 2023.
             Killed by divine providence
             ... invoked by an orc priest
              (12 damage)
             ... on level 3 of the Dungeon.
             The game lasted 00:01:44 (1856 turns).

Dittersdorf the Shield-Bearer (Human Fighter)       Turns: 1856, Time: 00:01:45

Health: -6/36      AC: 10    Str: 18    XL:     4   Next: 88%
Magic:  4/4        EV:  7    Int:  9    God:
Gold:   155        SH:  4    Dex: 12    Spells: 3/3 levels left

rFire   . . .        a - +0 long sword
rCold   + . .        c - +0 buckler
rNeg    . . .        h - +0 chain mail
rPois   .            (no helmet)
rElec   .            (no cloak)
rCorr   .            i - +0 pair of gloves
SInv    .            (no boots)
Will    .....        (no amulet) Stlth
                     f - ring of protection from cold
HPRegen 0.26/turn    (no ring)
MPRegen 0.09/turn

%: no passive effects
@: no status effects
A: no striking features
a: no special abilities


You were on level 3 of the Dungeon.
You visited 1 branch of the dungeon, and saw 3 of its levels.

You collected 155 gold pieces.

Inventory:

Hand Weapons
 a - a +0 long sword (weapon)
Armour
 c - a +0 buckler (worn)
 h - a +0 chain mail (worn)
 i - a +0 pair of gloves (worn)
 k - a +0 plate armour
Jewellery
 f - a ring of protection from cold (left hand)
 l - a +6 ring of dexterity
 m - a ring of poison resistance
Scrolls
 b - a scroll of immolation {unknown}
 e - 3 scrolls of identify {unknown}
 g - a scroll of teleportation {unknown}
 n - a scroll of blinking {unknown}
Potions
 d - 2 potions of might
 j - a potion of cancellation {unknown}


   Skills:
 + Level 3.6 Fighting
 + Level 2.9 Long Blades
 + Level 3.6 Armour
 + Level 3.7 Shields


You had 3 spell levels left.
You didn't know any spells.
Your spell library contained the following spells:

 Spells                   Type           Power      Damage    Failure   Level
 Magic Dart               Conj           0%         1d3       99%         1
 Call Imp                 Summ           0%         N/A       100%        2
 Lesser Beckoning         Tloc           0%         N/A       100%        2
 Dazzling Flash           Conj/Hex       0%         N/A       100%        3
 Gell's Gravitas          Tloc           0%         N/A       100%        3
 Mephitic Cloud           Conj/Pois/Air  0%         N/A       100%        3
 Teleport Other           Tloc           0%         N/A       100%        3
 Volatile Blastmotes      Fire/Tloc      0%         2d10      100%        3
 Starburst                Conj/Fire      0%         6d3       100%        6
 Maxwell's Capacitive Co  Air            0%         ∞         100%        8


Dungeon Overview and Level Annotations

Branches:
Dungeon (3/15)

Altars:


Message History

You are too injured to fight recklessly!
You are too injured to fight recklessly!
You are too injured to fight recklessly!
You are too injured to fight recklessly!
You are too injured to fight recklessly!
You are too injured to fight recklessly!
You are too injured to fight recklessly!
You are too injured to fight recklessly!
You are too injured to fight recklessly!
You are too injured to fight recklessly!
You are too injured to fight recklessly!
You are too injured to fight recklessly!
You are too injured to fight recklessly!
You are too injured to fight recklessly!
You are too injured to fight recklessly!
You are too injured to fight recklessly!
You hit the orc.
The orc is moderately wounded.
The orc priest hits you but does no damage.
The orc barely misses you.
You barely miss the orc.
The orc is moderately wounded.
The orc priest looks encouraged for a moment.
You block the orc's attack.
The orc hits you with a +1 whip of electrocution.
* * * LOW HITPOINT WARNING * * *
The orc priest hits you with a +0 short sword.
* * * LOW HITPOINT WARNING * * *
You hit the orc priest but do no damage.
The orc priest is moderately wounded.
You block the orc priest's attack. The orc hits you but does no damage.
You hit the orc priest.
The orc priest is heavily wounded.
The orc priest hits you but does no damage.
The orc closely misses you.
You hit the orc priest.
The orc priest is severely wounded.
The orc priest mumbles some strange prayers to Beogh against you.
Beogh smites you!
You die...

############
#...........
#.##########
#.########## ###
#........... #o##
#.###.>.....
#.#@#####.# #.######
#o###o..##.# #..# #
.[o #.......# #..# #
###
#..#####.###..#####
###.. #...........
.... #.###.######
###.. #.# #...##
.....#####.# #....##
###.......###.#.#.##


You could see an orc priest and an orc.

Vanquished Creatures
  2 adders
  2 worms (D:2)
  5 dart slugs
  An orc (D:3)
  5 endoplasms
  3 giant cockroaches (D:1)
  8 goblins
  4 hobgoblins
  3 kobolds
  3 quokkas
  2 ball pythons
  7 bats
  5 frilled lizards
  8 rats
58 creatures vanquished.

Notes
Turn   | Place    | Note
-------+----------+-------------------------------------------
     0 | D:1      | Dittersdorf the Human Fighter began the quest for the Orb.
     0 | D:1      | Reached XP level 1. HP: 18/18 MP: 1/1
   162 | D:1      | Reached XP level 2. HP: 20/24 MP: 2/2
   519 | D:1      | Reached XP level 3. HP: 29/29 MP: 3/3
   629 | D:1      | Found a faded altar of an unknown god.
   877 | D:2      | Reached XP level 4. HP: 35/35 MP: 4/4
  1856 | D:3      | Killed from afar by an orc priest

Illustrated notes

Levels and vault maps discovered:
D:1:      minmay_arrival_diagonal_passages, layout_basic,
          ebering_ecumenical_altar_box, minmay_pentomino_x2
D:2:      layout_basic, minivault_5
D:3:      layout_loops_ring, elyvilon_altar_4, amethyst_overflow_temple_binary,
          ebering_ghost_sewer_d

Action                     |  1- 3 |  4- 6 || total
---------------------------+-------+-------++-------
  Melee: Long sword        |   101 |    93 ||   194
 Armour: Scale mail        |    40 |       ||    40
         Chain mail        |    64 |    85 ||   149
  Dodge: Dodged            |    31 |    44 ||    75
  Block: Buckler           |    16 |    20 ||    36

Table legend: (Time is in decaauts)
 A = Elapsed time spent in this place.
 B = Non-inter-level travel time spent in this place.
 C = Inter-level travel time spent in this place.
 D = Time resting spent in this place.
 E = Time spent auto-exploring this place.
 F = Levels seen in this place.
 G = Mean time per level.
                   A        B        C        D        E       F      G
               +--------+--------+--------+--------+--------+-----+--------+
         Total |   1914 |   1816 |     98 |      0 |   1340 |   3 |  638.0 |
       Dungeon |   1914 |   1816 |     98 |      0 |   1340 |   3 |  638.0 |
               +--------+--------+--------+--------+--------+-----+--------+

Top non-repeatable levels by time:
     D:2: 821 daAuts
     D:1: 746 daAuts
     D:3: 346 daAuts
